 Dungeon Crawl Stone Soup version 0.30-a0-1008-g30c9307041 (webtiles) character file.

Game seed: 6648678678668159438

210 Pooter the Shooter (level 5, -3/43 (50) HPs)
             Began as a Troll Hunter on Apr 5, 2023.
             Was a Follower of Trog.
             Slain by a wight
             ... wielding a +7 spear
              (7 damage)
             ... on level 3 of the Dungeon on Apr 6, 2023.
             The game lasted 00:23:23 (3705 turns).

Pooter the Shooter (Troll Hunter)                   Turns: 3705, Time: 00:23:23

HP:   -3/43 (50)    AC:  8    Str: 21    XL:     5   Next: 56%
MP:   4/4           EV: 10    Int:  5    God:    Trog [*.....]
Gold: 167           SH:  0    Dex: 13    Spells: 2/4 levels left

rFire   . . .      SeeInvis .      - Unarmed
rCold   . . .      Faith    .    (no shield)
rNeg    . . .      Spirit   .    c - +0 robe
rPois   .          Reflect  .    (helmet restricted)
rElec   .          Rampage  .    (no cloak)
rCorr   +                        (gloves unavailable)
Will    .....                    (boots unavailable)
Stlth   +                        (no amulet)
HPRegen 1.07/turn                m - +4 ring of protection
MPRegen 0.09/turn                C - ring of resist corrosion

@: heavily drained
A: large, unfitting armour, claws 3, regeneration 1, shaggy fur 1, tough skin 1
a: Renounce Religion, Berserk


You were on level 3 of the Dungeon.
You worshipped Trog.
Trog was aware of your devotion.
You visited 1 branch of the dungeon, and saw 3 of its levels.
You also visited: Sewer.

You collected 167 gold pieces.

Inventory:

Hand Weapons
 b - a +1 shortbow
Missiles
 Q - 21 stones (quivered)
Armour
 c - a +0 robe (worn)
Jewellery
 m - a +4 ring of protection (left claw)
   (You found it on level 2 of the Dungeon)
 C - a ring of resist corrosion (right claw)
   (You found it on level 2 of the Dungeon)
Scrolls
 d - 2 scrolls of immolation {!r}
 f - 2 scrolls of fear
 h - a scroll of blinking
 n - 2 scrolls of noise {!r}
 t - 2 scrolls of teleportation {@r4}
Potions
 a - a potion of curing {unknown}
 e - a potion of haste {unknown}
 g - 4 potions of flight
 i - a potion of heal wounds {unknown}
 j - a potion of experience {unknown}
 k - a potion of brilliance {unknown}
 l - a potion of resistance {unknown}


   Skills:
 + Level 2.4 Fighting
 * Level 3.6 Ranged Weapons
 - Level 1.5 Dodging
 - Level 0.3 Stealth
 * Level 3.2 Unarmed Combat


You had 2 spell levels left.
You knew the following spells:

 Your Spells              Type           Power      Damage    Failure   Level
a - Call Imp              Summ           0%         N/A       63%         2

Your spell library contained the following spells:

 Spells                   Type           Power      Damage    Failure   Level
 Kiss of Death            Conj/Necr      0%         2d5       47%         1
 Magic Dart               Conj           0%         1d3       47%         1
 Necrotise                Necr           0%         1d4       47%         1
 Mephitic Cloud           Conj/Pois/Air  0%         N/A       85%         3
 Vampiric Draining        Necr           0%         2d6       85%         3
 Animate Dead             Necr           0%         N/A       99%         4
 Summon Ice Beast         Ice/Summ       0%         N/A       99%         4
 Summon Mana Viper        Hex/Summ       0%         N/A       100%        5
 Monstrous Menagerie      Summ           0%         N/A       100%        7


Dungeon Overview and Level Annotations

Branches:
Dungeon (3/15)              Sewer (visited)

Altars:
Kikubaaqudgha
Trog

Shops:
D:3 (


Innate Abilities, Weirdness & Mutations

You are too large for most types of armour.
You have claws for hands.
Your natural rate of healing is unusually fast.
You are covered in fur. (AC +1)
You have tough skin. (AC +1)


Message History

You now have 167 gold pieces (gained 10).
Found 2 scrolls of blinking.
Found a human corpse.
b - a +1 shortbow (weapon)
An adder comes into view.
The adder hisses angrily.
You shoot an arrow. The arrow hits the adder!
You kill the adder!
Trog accepts your kill.
A wight comes into view. It is wielding a +7 spear.
You shoot an arrow. The arrow closely misses the wight.
A wight comes into view. It is wielding a +0 short sword.
The wight moves out of view.
You shoot an arrow. The arrow closely misses the wight.
You shoot an arrow. The arrow hits the wight.
You shoot an arrow. The arrow closely misses the wight.
The wight hits you from afar with a +7 spear.
You are now empty-clawed.
Found Imoleset's Weapon Boutique.
The wight hits you with a +7 spear!
You feel drained.
You scratch the wight. The wight hits you but does no damage.
You barely miss the wight. The wight hits you with a +7 spear.
You are too injured to fight recklessly!
You are too injured to fight recklessly!
You are too injured to fight recklessly!
You barely miss the wight. The wight hits you with a +7 spear!
* * * LOW HITPOINT WARNING * * *
You feel drained.
* * * LOW HITPOINT WARNING * * *
You barely miss the wight. The wight hits you with a +7 spear.
* * * LOW HITPOINT WARNING * * *
You barely miss the wight. The wight hits you with a +7 spear.
* * * LOW HITPOINT WARNING * * *
You feel drained.
* * * LOW HITPOINT WARNING * * *
Unknown command.
You barely miss the wight. The wight hits you with a +7 spear.
* * * LOW HITPOINT WARNING * * *
You feel drained.
* * * LOW HITPOINT WARNING * * *
You scratch the wight but do no damage. The wight closely misses you.
Unknown command.
You closely miss the wight. The wight hits you with a +7 spear.
* * * LOW HITPOINT WARNING * * *
You barely miss the wight. The wight hits you with a +7 spear.
* * * LOW HITPOINT WARNING * * *
You feel drained.
* * * LOW HITPOINT WARNING * * *
You scratch the wight. The wight hits you with a +7 spear!
You die...

*,..,,,,,,,***,**,,,,,,,*
**#.*,,,,,,,,,,*****,******
#.##********** *,,,,,,,*
#..# ######### *,,****,*
####.####.......# *,,,,**,*
#.......#.......#**,**,**,*
#.##.##.........#*,,,,,,,,*
#.##.#.###......#*,,,**,***
#.#...## ##.@...#,,,,,*,*
#.#.#.# #.?z......,,,,*
#.#.#.## *#........∩,,,,*
####......###.####.†...,,,**
#.............,,,,.#÷..,,**
#.........#.###,***#*..,** *
#..÷~~~........,,,,***#** *
#..~~))~.......,,,,* *****
##..~~.~~.......,,*,* *,,,*


You could see a wight.

Vanquished Creatures
  Jessica (D:3)
  6 adders
  4 river rats (Sewer)
  3 dart slugs
  14 endoplasms
  6 giant cockroaches
  4 goblins
  5 hobgoblins
  7 jackals (Sewer)
  2 quokkas
  12 ball pythons
  8 bats
  5 frilled lizards
  6 kobolds
  7 rats
90 creatures vanquished.

Notes
Turn   | Place    | Note
-------+----------+-------------------------------------------
     0 | D:1      | Pooter the Troll Hunter began the quest for the Orb.
     0 | D:1      | Reached XP level 1. HP: 19/19 MP: 0/0
   135 | D:1      | Reached skill level 1 in Unarmed Combat
   135 | D:1      | Reached XP level 2. HP: 23/28 MP: 1/1
   912 | D:1      | Reached XP level 3. HP: 35/35 MP: 2/2
  1207 | D:2      | Noticed an eye of devastation
  1209 | D:2      | Found a faded altar of an unknown god.
  1221 | D:2      | Learned a level 2 spell: Call Imp
  1223 | D:2      | Noticed a shining eye
  1253 | D:2      | Noticed a shining eye
  1254 | D:2      | Noticed an eye of devastation
  1286 | D:2      | Prayed at the altar of an unknown god.
  1286 | D:2      | Became a worshipper of Kikubaaqudgha
  1286 | D:2      | Reached * piety under Kikubaaqudgha
  1286 | D:2      | Received a gift from Kikubaaqudgha
  1287 | D:2      | Fell from the grace of Kikubaaqudgha
  1306 | D:2      | Found a bloodstained altar of Trog.
  1315 | D:2      | Became a worshipper of Trog the Wrathful
  1431 | D:2      | Reached XP level 4. HP: 42/42 MP: 3/3
  2481 | D:3      | Found a glowing drain.
  2486 | D:3      | Noticed Jessica
  2497 | Sewer    | Entered a sewer
  2955 | Sewer    | Reached * piety under Trog
  3128 | Sewer    | Reached XP level 5. HP: 45/49 MP: 4/4
  3657 | D:3      | Killed Jessica
  3695 | D:3      | Found Imoleset's Weapon Boutique.
  3705 | D:3      | Slain by a wight

Illustrated notes

Levels and vault maps discovered:
D:1:      wander_arrival_fairy_ring, layout_basic
D:2:      layout_loops_ring, hellmonk_ecumenical_altar_watching_god, basic_altar
D:3:      layout_loops_cross, nicolae_overflow_hallway_of_the_gods,
          serial_shops, nicolae_shop_bloodbath_and_beyond, portal_sewer_entry_a,
          dreamdust_wishing_well, uniq_jessica

Skill      XL: |  1  2  3  4  5 |
---------------+----------------+-----
Unarmed Combat | 1 2 3 |  3.2
Ranged Weapons | 3 |  3.6
Fighting       | 2 |  2.4
Dodging        | |  1.5
Stealth        | |  0.3

Action                     |  1- 3 |  4- 6 || total
---------------------------+-------+-------++-------
  Melee: Unarmed           |    47 |    70 ||   117
         Punch             |       |     4 ||     4
   Fire: Shortbow          |    73 |    75 ||   148
  Throw: Stone             |       |     3 ||     3
 Invoke: Renounce Religion |     1 |       ||     1
    Use: Scroll            |     4 |     5 ||     9
         Potion            |       |     1 ||     1
   Stab: Sleeping          |     1 |       ||     1
 Armour: Robe              |    18 |    45 ||    63
  Dodge: Dodged            |    28 |    62 ||    90

Table legend: (Time is in decaauts)
 A = Elapsed time spent in this place.
 B = Non-inter-level travel time spent in this place.
 C = Inter-level travel time spent in this place.
 D = Time resting spent in this place.
 E = Time spent auto-exploring this place.
 F = Levels seen in this place.
 G = Mean time per level.
                   A        B        C        D        E       F      G
               +--------+--------+--------+--------+--------+-----+--------+
         Total |   3721 |   3707 |     14 |   1232 |   1788 |   4 |  930.2 |
       Dungeon |   2563 |   2549 |     14 |    713 |   1403 |   3 |  854.3 |
         Sewer |   1158 |   1158 |      0 |    518 |    385 |   1 | 1158.0 |
               +--------+--------+--------+--------+--------+-----+--------+

Top non-repeatable levels by time:
     D:2: 1272 daAuts
     D:1: 1194 daAuts
   Sewer: 1158 daAuts
     D:3: 96 daAuts
